Cogmind - Beta 14 @@@ ROGUE MODE // 2024.11.18 @ 13:42:03 Player: Fangrelle Result: Destroyed by as-46283 with Assembled Rifle Performance ------------- Evolutions (0) 0 Regions Visited (2) 400 Robots Destroyed (19) 95 Value Destroyed (378) 378 Prototype IDs (0) 0 Alien Tech Used (0) 0 Bonus (-73) -73 TOTAL SCORE: 800 Bonus ------- Follower Combat Kills 60 Friendly Fire -133 Cogmind --------- Core Integrity 0/250 Matter 127/300 Energy 41/100 System Corruption 3% Temperature Warm (119) Movement Rolling (90) Location -10/Mines Parts ------- > --- POWER (1) -------- (None) > --- PROPULSION (2) --- Wheel Compact Wheel > --- UTILITY (2) ------ Large Storage Unit > --- WEAPON (2) ------- EM Pulse Gun > --- INVENTORY (15) --- Hacking Suite Splice Drone Bay Medium Laser Small Laser Datajack Mining Laser Peak State ------------ > --- POWER ------------ Ion Engine > --- PROPULSION ------- Light Treads Light Treads > --- UTILITY ---------- Large Storage Unit Visual Processing Unit > --- WEAPON ----------- EM Pulse Gun Grenade Launcher > --- INVENTORY -------- Ion Engine Wheel Compact Wheel Hacking Suite Splice Drone Bay EM Pulse Gun Medium Laser Small Laser Slug Cannon Datajack Mining Laser [Rating: 10] Favorites ----------- Power Ion Engine Engine Ion Engine Propulsion Light Treads Treads Light Treads Leg Aluminum Leg Wheel Wheel Utility Light Armor Plating Device Sensor Array Storage Large Storage Unit Processor Visual Processing Unit Protection Light Armor Plating Weapon EM Pulse Gun Energy Gun EM Pulse Gun Ballistic Gun Assault Rifle Ballistic Cannon Slug Cannon Launcher Grenade Launcher Build | -11 -10 -10 ------- Run | Yrd Mat Min Slots Evolved . | . . . Power . | . . . Propulsion . | . . . Utility . | . . . Weapon . | . . . Parts Attached 23 | . 16 7 Power 3 | . 2 1 Engine 3 | . 2 1 Core . | . . . Reactor . | . . . Propulsion 6 | . 4 2 Treads 4 | . 4 . Leg . | . . . Wheel 2 | . . 2 Hover . | . . . Flight . | . . . Utility 5 | . 4 1 Device 2 | . 2 . Storage 1 | . 1 . Processor 1 | . . 1 Hackware . | . . . Protection 1 | . 1 . Artifact . | . . . Weapon 9 | . 6 3 Energy Gun 4 | . 3 1 Energy Cannon . | . . . Ballistic Gun 1 | . 1 . Ballistic Cannon 1 | . . 1 Launcher 3 | . 2 1 Special Weapon . | . . . Impact Weapon . | . . . Slashing Weapon . | . . . Piercing Weapon . | . . . Special Melee Weapon . | . . . Unidentified Prototypes . | . . . Parts Lost 11 | . 2 9 Power 3 | . 1 2 Propulsion 2 | . . 2 Utility 2 | . . 2 Weapon 4 | . 1 3 Highest Loss Streak 9 | . 1 9 To Critical Strikes . | . . . Average Slot Usage (%) 98 | . 98 98 Engine 13 | . 14 13 Treads 27 | . 28 27 Storage 14 | . 14 14 Protection 12 | . 11 13 Energy Gun 23 | . 22 25 Ballistic Gun 2 | . 5 . Peak Build Rating 10 | 6 8 10 Average Rating 7 | 6 6 8 On Entrance 6 | 6 6 8 Naked Turns . | . . . Heaviest Build 33 | 12 32 33 Greatest Support 40 | 20 40 40 Greatest Overweight (x) . | . . . Average Overweight (x) . | . . . Largest Inventory Capacity 15 | 8 15 15 Average Capacity 13 | 8 12 15 Most Carried 12 | 6 10 12 Average Carried 8 | 6 7 10 Final Capacity 15 | 8 15 15 Final Carried 9 | 6 9 6 Class Distribution -------------------- 100% | Mutant Dominant Class ---------------- Mutant | -10/Materials Mutant | -10/Mines Resources | -11 -10 -10 ----------- Run | Yrd Mat Min Matter Collected 485 | 200 245 40 Remotely . | . . . Salvage Created 536 | . 458 78 Parts 42 | . 41 1 Haulers Intercepted 1 | . 1 . Recyclers Shooed 1 | . 1 . Parts Field Recycled . | . . . Retrieved Matter . | . . . Parts Self-Destructed . | . . . Prevented . | . . . Kills | -11 -10 -10 ------- Run | Yrd Mat Min Combat Hostiles Destroyed 25 | . 12 13 Guns 10 | . 10 . Cannons 4 | . . 4 AOE 11 | . 2 9 Classes Destroyed 7 | . 6 1 Worker 1 | . 1 . Hauler 1 | . 1 . Operator 1 | . 1 . Watcher 3 | . 3 . Swarmer 5 | . 5 . Grunt 7 | . 7 . Assembled 13 | . . 13 Thug 1 | . . 1 Best Kill Streak 13 | . 3 13 Combat Bots Only 13 | . 3 13 Max Kills in Single Turn 3 | . 1 3 Gunslinging . | . . . Exploded 2 | . 1 2 Melee . | . . . Uniques/NPCs Destroyed . | . . . Combat | -11 -10 -10 -------- Run | Yrd Mat Min Hostile Shots Fired 135 | . 65 70 Missed 35 | . 14 21 Damage Taken 1437 | . 676 761 Core 252 | . 52 200 Absorbed by Shields . | . . . Regen/Repaired (Parts) 1 | . 1 . Core Remaining (%) 100 | 100 . . Volleys Fired 73 | . 51 22 Largest 2 | . 2 2 Hottest 90 | . 90 88 Shots Fired 137 | . 100 37 Gun 112 | . 96 16 Cannon 8 | . . 8 Launcher 17 | . 4 13 Special . | . . . Kinetic 33 | . 25 8 Thermal 26 | . 26 . Explosive 17 | . 4 13 Electromagnetic 61 | . 45 16 Robot Hit Streak 10 | . 10 2 Robot Miss Streak 4 | . 4 1 Penetration Max . | . . . Secondary Targets 1 | . 1 . Max Gunslinging Chain 1 | . 1 . Shots Hit Robots 70 | . 57 13 Core Hits 60 | . 26 34 Critical Kills . | . . . Critical Parts Destroyed 1 | . . 1 Critical Strikes 4 | . 3 1 Burn 2 | . 2 . Destroy 1 | . . 1 Corrupt 1 | . 1 . Melee Attacks . | . . . Impact . | . . . Slashing . | . . . Piercing . | . . . Sneak Attacks . | . . . Combat Hostiles . | . . . Follow-up Attacks . | . . . Damage Inflicted 1988 | . 1119 869 Guns 848 | . 802 46 Cannons 170 | . . 170 Explosions 965 | . 312 653 Melee . | . . . Ramming 5 | . 5 . Kinetic 368 | . 198 170 Thermal 260 | . 260 . Explosive 861 | . 208 653 Electromagnetic 494 | . 448 46 Impact . | . . . Slashing . | . . . Piercing . | . . . Highest Corruption 3 | . . 3 Average Corruption 3 | . . 3 Corruption Purged . | . . . Corruption Blocked . | . . . Effects 1 | . . 1 Data Loss (minor) 1 | . . 1 Overload Shots . | . . . Overflow Damage 30 | . . 30 Projectiles 29 | . . 29 Explosions 1 | . . 1 Melee . | . . . Knockbacks 2 | . . 2 Impact . | . . . Kinetic 2 | . . 2 Secondary . | . . . Self-Inflicted Damage 128 | . 111 17 Shots 6 | . 5 1 Rammed 3 | . 3 . Targets Rammed 3 | . 3 . Kicked . | . . . Crushed . | . . . Highest Temperature 328 | . 328 119 Average Temperature 70 | . 76 48 Received Heat Transfer 303 | . 234 69 Siege Activations . | . . . Robots Corrupted . | . . . Combat Hostiles . | . . . Parts Fried 1 | . 1 . Impact Corruptions . | . . . Robots Melted . | . . . Combat Hostiles . | . . . Parts Melted 1 | . 1 . Heat Transferred 792 | . 792 . Parts Sabotaged . | . . . Parts Stolen . | . . . Parts Stripped . | . . . Power Chain Reactions 2 | . 2 . Alert | -11 -10 -10 ------- Run | Yrd Mat Min Peak Influence 209 | . 209 85 Initial 24 | . . 24 Average 69 | . 107 18 Maximum Alert Level 1 | . 1 . Low Security (%) 95 | 100 91 100 Level 1 4 | . 8 . Level 2 . | . . . Level 3 . | . . . Level 4 . | . . . Level 5 . | . . . High Security . | . . . Max Security . | . . . Squads Dispatched 2 | . 2 . Investigation 2 | . 2 . Extermination . | . . . Reinforcement . | . . . Assault . | . . . Garrison . | . . . Intercept . | . . . Searches Triggered . | . . . Construction Impeded . | . . . Haulers Reinforced . | . . . Active Scanning Responses . | . . . Cargo Convoy Interrupts . | . . . Stealth | -11 -10 -10 --------- Run | Yrd Mat Min Distress Signals . | . . . Communications Jammed . | . . . Distress Signals . | . . . Times Spotted 40 | . 19 21 Peak Tracking Total 10 | . 3 10 Tactical Retreats 2 | . 1 1 Traps | -11 -10 -10 ------- Run | Yrd Mat Min Traps Triggered 1 | . 1 . Indirectly . | . . . Trap Hack Attempts . | . . . Triggered . | . . . Disarmed . | . . . Reprogrammed . | . . . Reused . | . . . Traps Extracted . | . . . Installed . | . . . Triggered . | . . . Machines | -11 -10 -10 ---------- Run | Yrd Mat Min Machines Disabled 1 | . 1 . Max in Single Turn 1 | . 1 . Machines Repaired . | . . . Machines Dismantled . | . . . Machines Sabotaged . | . . . Overloaded Fab Kills . | . . . Hacking | -11 -10 -10 --------- Run | Yrd Mat Min Machines Accessed 11 | . 10 1 Terminals 7 | . 7 . Fabricators . | . . . Repair Stations 1 | . 1 . Recycling Units 2 | . 2 . Scanalyzers . | . . . Garrison Access . | . . . Total Hacks 41 | . 40 1 Successful 24 | . 23 1 Failed 17 | . 17 . Catastrophic . | . . . Database Lockouts . | . . . Manual 35 | . 35 . Terminals 33 | . 33 . Fabricators . | . . . Repair Stations 2 | . 2 . Recycling Units 5 | . 5 . Scanalyzers . | . . . Garrison Access . | . . . Terminal Hacks 5 | . 4 1 Robot Analysis 4 | . 4 . Open Door 1 | . . 1 Fabricator Hacks . | . . . Repair Station Hacks 2 | . 2 . Scan Component 1 | . 1 . Repair 1 | . 1 . Recycling Unit Hacks 3 | . 3 . Report Inventory 1 | . 1 . Retrieve Components 2 | . 2 . Scanalyzer . | . . . Garrison Access Hacks . | . . . Unauthorized Hacks 14 | . 14 . Terminals 12 | . 12 . Assimilate 3 | . 3 . Botnet 6 | . 6 . Disrupt 1 | . 1 . Operators 1 | . 1 . Skim 1 | . 1 . Fabricators . | . . . Repair Stations . | . . . Recycling Units 2 | . 2 . Tunnel 2 | . 2 . Scanalyzers . | . . . Garrison Access . | . . . Data Cores Recovered . | . . . Used . | . . . Hacking Detections 9 | . 9 . Full Trace Events 1 | . 1 . Feedback Events . | . . . Feedback Blocked . | . . . Robot Schematics Acquired . | . . . Robots Built . | . . . Authchips . | . . . Time . | . . . Total Robot Build Rating . | . . . Part Schematics Acquired . | . . . Parts Built . | . . . Authchips . | . . . Time . | . . . Total Part Build Rating . | . . . Parts Repaired 1 | . 1 . Time 53 | . 53 . Parts Recycled . | . . . Recycled Matter . | . . . Retrieved Matter . | . . . Retrieved Components 14 | . 14 . Parts Scanalyzed . | . . . Part Schematics Acquired . | . . . Parts Damaged . | . . . Bothacking | -11 -10 -10 ------------ Run | Yrd Mat Min Used RIF Installer . | . . . Robots Hacked . | . . . Non-combat . | . . . Combat . | . . . Robot Hacks Applied . | . . . Relay Couplers Released . | . . . Fabnet Peak Effective % . | . . . Robots Rewired . | . . . Allies Hacked . | . . . Hacks Repelled . | . . . Allies | -11 -10 -10 -------- Run | Yrd Mat Min Total Allies 2 | . . 2 Largest Group 2 | . . 2 Highest-Rated Group 43 | . . 43 Highest-Rated Ally 31 | . . 31 Total Orders . | . . . Ally Attacks 18 | . . 18 Total Damage 189 | . . 189 Kills 6 | . . 6 Allies Corrupted . | . . . Allies Melted . | . . . Intel | -11 -10 -10 ------- Run | Yrd Mat Min Robot Analysis Total 4 | . 4 . Derelict Logs Recovered 1 | . . 1 Drone Launches . | . . . Drone Recoveries . | . . . Exploration | -11 -10 -10 ------------- Run | Yrd Mat Min Turns Passed 2382 | 3 1362 1017 Spaces Moved 1276 | 3 681 592 Core . | . . . Treads 1273 | . 681 592 Legs 3 | 3 . . Wheels . | . . . Hover . | . . . Flight . | . . . Fastest Speed 120 | 120 160 160 Average Speed 159 | 120 160 160 Slowest Speed 160 | 120 160 160 Overloaded Moves . | . . . Propulsion Burnouts . | . . . Robots Hopped . | . . . Cave-ins Triggered . | . . . Exploration Rate (%) 61 | 2 91 91 Regions Visited 2 Branch Regions 1 Pre-discovered Areas 3 | . 2 1 Known Exits Taken . | . . . Unknown Exits Taken 2 | 1 1 . Scrap Searched 1 | . . 1 Spaces Dug . | . . . Terrain Destroyed 104 | . 33 71 Melee . | . . . Projectile 2 | . . 2 AOE 102 | . 33 69 Terrain Rammed . | . . . Walls Destroyed . | . . . Machines Disabled . | . . . Actions | -11 -10 -10 --------- Run | Yrd Mat Min Total 1477 | 2 851 624 Wait 80 | . 80 . Move 1275 | 2 681 592 Hop . | . . . Pick Up 14 | . 11 3 Fast Attach 4 | . 4 . Attach 10 | . 4 6 Detach . | . . . Swap 9 | . 8 1 Drop 10 | . 10 . Fire 73 | . 51 22 Melee . | . . . Ram . | . . . Kick . | . . . Crush 2 | . 2 . Escape Stasis . | . . . Rewire . | . . . Trap . | . . . Miscellaneous . | . . . Route ------- -11/Scrapyard -10/Materials (discovered 6 exits: [*Mat x3] / *Min x2 / [*Sub]) -10/Mines (discovered 2 exits: [*Mat x2]) History --------- Turn | Location | Event 1 | -11/Scrapyard | Discovered new exit (range 0) 4 | -11/Scrapyard | Entered Materials 137 | -10/Materials | Discovered new exit (range 13) 308 | -10/Materials | Build established: Mutant 348 | -10/Materials | Discovered new exit (range 16) 533 | -10/Materials | Discovered new exit (range 16) 731 | -10/Materials | Discovered new exit (range 16) 801 | -10/Materials | Discovered new exit (range 14) 1158 | -10/Materials | Discovered new exit (range 13) 1309 | -10/Materials | Repaired Corrupted Hacking Suite 1366 | -10/Materials | Entered Mines 1373 | -10/Mines | Discovered new exit (range 7) 1516 | -10/Mines | Found the Drone Emporium 1547 | -10/Mines | Found Prototype Device 1973 | -10/Mines | A weapon hastily lodged in a ceiling crevice suddenly fell to the ground 2019 | -10/Mines | Discovered new exit (range 10) 2316 | -10/Mines | Assembled infested the area 2361 | -10/Mines | Core integrity fell below 50% 2372 | -10/Mines | Core integrity fell below 20% 2383 | -10/Mines | Destroyed by as-46283 with Assembled Rifle Last Messages --------------- 02358_ as-84029 destroyed. 02359_ Lgt. Treads destroyed. 02360_ The unstable cave ceiling collapses. 02361_ Destroyed Asb. Hover Unit. 02361_ as-27221 destroyed. 02364_ as-26234 destroyed. 02365_ Ion Engine destroyed. 02366_ U-05 Engineer lays Concrete. 02366_ R-06 Scavenger collects Beamcaster. 02367_ The unstable cave ceiling collapses. 02368_ U-05 Engineer lays Concrete. 02370_ System corrupted: Component data lost. 02373_ The unstable cave ceiling collapses. 02374_ R-06 Scavenger destroyed. 02374_ as-42940 suffers critical hit (Destroy). 02374_ Destroyed Asb. F-torch. 02374_ as-42940 knocked back. 02377_ as-49098 destroyed. 02380_ as-46283 knocked back. 02381_ Slug Cannon destroyed. Map ----- +----------------------------------------------------+ | ?????# #??????????# ####### | | ?????# #??????????## | | ?????##################???????????### | | ????????????????????????????????????###### ### | | ?????????????????????????????????????????# #?# | | ???????????????????????????????#####?????# #?## | | ??????????????????????????????## ?????# ##?# | | ?????????????????????????????## ????? #?# | | ????????????????????????????## ????? #?# | | ????????????????????????????# ????# ### | | ????????????????????????????# ##### # # | | ?????????????????????????????# ## #### | | ?????????????????????????????# ##### | | ????????????????????????????## #???# % | | ????????????????????????????# #???# % | | ????????????????#####???????# ##??# | | ????????????????# ??????## ##?## ## | | ????????????????# ???????## ^ #?# # | | ????????????????# ????????# ### # | | ?????????????????# ???????# # ## | | ?????????????????## ???????# # ^^ | | ?????????????????# #?????## # | | ?????????????????# ##???# ^ ## | | ???????????####### ##?## ^ ## | | ???????????# # ### ############ # | | ????????????# # % @ #???????????### | | ????????????# #=[* % ##?????????????? | | ???????? % a *%! % ###??????????????? | | ???????? %%a =% #######????????????????? | | ????????#### #??????????????????????? | | ???????????# % ##??????????????????????? | | ???????????## # #????????????????????????? | | ????????????## #;;#?????????????????????????? | | ?????????????#### ?###??????????????????????????? | | ????????????????#???????????????????????????????? | | | | | | | | | | | | | | | | | | | | | | | | | | | | | | | +----------------------------------------------------+ Best States ------------- Heat Dissipation 25 Energy Generation 10 Energy Capacity 250 Matter Stores 300 Matter Capacity 300 Sight Range 18 Robot Scan Range 14 Terrain Scan Density 10 Armor Coverage 150 Evasion (%) 40 Recoil Reduction 2 Item Schematics ----------------- None Robot Schematics ------------------ None Fabricated ------------ Nothing Alien Tech Used ----------------- None Achievements -------------- None Challenges ------------ None Game ------ Seed StasisSalvageInterpreter Manual? 0 Play Time 00:13:07 Cumulative 108.4 hours Start 2024.11.18 @ 13:05:01 End 2024.11.18 @ 13:42:03 Sessions 3 Manual Loads 0 Difficulty Rogue Special Mode None Game No. 196 Rogue 196 Adventurer 0 Explorer 0 Win Type - Total 0 Types 0/0/0/0/0/0/0/0/0 Lore% 42 Gallery% 40 Achievement% 35 Wizard Run 0 Options --------- Layout 0 ASCII 0 Keyboard 0 Movement Mouse Keybinds 0 Fullscreen 1 Font 24/Cog Map View 91x25 Zoom Use 85% Tactical HUD 1 Map Filters NONE Filters NONE Steam 1 RUN: f0af4188-96cd-4c7a-9381-8326ad9a8448